[Event "European-ch Seniors 2018"]
[Site "Drammen"]
[Date "2018.08.04"]
[Round "1"]
[White "Ogaard, Leif"]
[Black "Hewson, Brian Wr"]
[Result "1-0"]
[ECO "A28"]
[WhiteElo "2386"]
[BlackElo "2012"]
[Annotator "NA"]
[PlyCount "75"]
[EventDate "2018.08.04"]
[EventType "swiss"]
[EventCountry "NOR"]
[SourceTitle "playchess.com"]
[Source "ChessBase"]
[SourceQuality "1"]
[TimeControl "40/5400+30:1800+30"]

1. c4 e5 2. Nc3 Nc6 3. Nf3 Nf6 4. e3 Be7 5. a3 a5 6. Qc2 d6 7. Be2 Bg4 8. O-O Qd7 9. b3 O-O 10. Bb2 Rfe8 11. Rad1 Bf5 12. d3 h6 13. Nd5 Nxd5 14. cxd5 Nd8 15. e4 Bg4 16. h3 Bxf3 17. Bxf3 c5 18. Bg4 Qb5 19. Qc4 Qxc4 20. bxc4 Bg5 21. Bc3 g6 22. Rb1 h5 23. Bd7 Re7 24. Ba4 f5 25. Rb6 Nf7 26. Rfb1 Ra7 27. Bd1 fxe4 28. dxe4 Rd7 29. Ba4 Re7 30. g3 h4 31. gxh4 Bxh4 32. Bd1 Kg7 33. Bg4 Bf6 34. Kg2 Rc7 35. f3 Bd8 36. Rxd6 Re7 37. Re6 b6 38. f4 1-0

[Event "European-ch Seniors 2018"]
[Site "Drammen"]
[Date "2018.08.04"]
[Round "1"]
[White "Renman, Nils Gustaf"]
[Black "Strand, Kjetil"]
[Result "1/2-1/2"]
[ECO "D18"]
[WhiteElo "2348"]
[BlackElo "1994"]
[Annotator "NA"]
[PlyCount "106"]
[EventDate "2018.08.04"]
[EventType "swiss"]
[EventCountry "NOR"]
[SourceTitle "playchess.com"]
[Source "ChessBase"]
[SourceQuality "1"]
[TimeControl "40/5400+30:1800+30"]

1. d4 d5 2. Nf3 Nf6 3. c4 c6 4. Nc3 dxc4 5. a4 Bf5 6. e3 e6 7. a5 Bb4 8. Qa4 Qe7 9. Bxc4 O-O 10. O-O Nbd7 11. Be2 h6 12. Bd2 Bd6 13. a6 b5 14. Qd1 Rab8 15. Re1 e5 16. dxe5 Nxe5 17. Nd4 Bd7 18. f4 Nc4 19. Bxc4 bxc4 20. Qc2 Bc5 21. Na4 Qd6 22. Nxc5 Qxc5 23. Ra4 Qb6 24. Rxc4 Qxb2 25. Nxc6 Bxc6 26. Rxc6 Rfe8 27. Rc1 Ne4 28. Qxb2 Rxb2 29. Bc3 Nxc3 30. R1xc3 Ra2 31. h4 g6 32. Kh2 Kg7 33. Kg3 h5 34. Kf3 Rb8 35. Rd3 Rbb2 36. Rd7 Rf2+ 37. Ke4 Ra4+ 38. Rd4 Ra3 39. Rd3 Ra5 40. g3 Ra4+ 41. Rd4 Ra3 42. Rd3 Ra4+ 43. Kd5 Rfa2 44. e4 Rxa6 45. Rxa6 Rxa6 46. Rc3 Kf6 47. e5+ Ke7 48. Rc7+ Ke8 49. Rb7 Ra3 50. Rb8+ Ke7 51. Rb7+ Kf8 52. Rb8+ Kg7 53. Rb7 Kf8 1/2-1/2

[Event "European-ch Seniors 2018"]
[Site "Drammen"]
[Date "2018.08.04"]
[Round "1"]
[White "Clark, Gary M"]
[Black "Ali, Karim"]
[Result "1-0"]
[ECO "E12"]
[WhiteElo "2285"]
[BlackElo "1819"]
[Annotator "NA"]
[PlyCount "41"]
[EventDate "2018.08.04"]
[EventType "swiss"]
[EventCountry "NOR"]
[SourceTitle "playchess.com"]
[Source "ChessBase"]
[SourceQuality "1"]
[TimeControl "40/5400+30:1800+30"]

1. d4 e6 2. c4 Nf6 3. Nf3 b6 4. a3 Bb7 5. Nc3 d5 6. cxd5 Nxd5 7. Qc2 c5 8. e4 Nxc3 9. bxc3 Nd7 10. Bf4 Rc8 11. d5 exd5 12. exd5 Bxd5 13. Rd1 Qe7+ 14. Be2 Bxf3 15. gxf3 c4 16. O-O Qe6 17. Rfe1 Kd8 18. Bg3 Rc6 19. Bf1 Qh6 20. Qf5 Re6 21. Qxf7 1-0

[Event "European-ch Seniors 2018"]
[Site "Drammen"]
[Date "2018.08.04"]
[Round "1"]
[White "Stebbings, Anthony"]
[Black "Skogheim, Ole Morten"]
[Result "1-0"]
[ECO "B32"]
[WhiteElo "2265"]
[BlackElo "1992"]
[Annotator "NA"]
[PlyCount "61"]
[EventDate "2018.08.04"]
[EventType "swiss"]
[EventCountry "NOR"]
[SourceTitle "playchess.com"]
[Source "ChessBase"]
[SourceQuality "1"]
[TimeControl "40/5400+30:1800+30"]

1. e4 c5 2. Nf3 Nc6 3. d4 cxd4 4. Nxd4 e5 5. Nb5 d6 6. N1c3 a6 7. Na3 b5 8. Nd5 Nge7 9. c4 Nd4 10. Be3 Nxd5 11. cxd5 Be7 12. Bd3 O-O 13. O-O f5 14. Bxd4 exd4 15. Nc2 Bf6 16. exf5 Bb7 17. Qf3 Qa5 18. a3 Rac8 19. Rfe1 Rfe8 20. Re6 Re7 21. Nb4 Rc5 22. Rxe7 Bxe7 23. f6 Bxf6 24. Qe4 Qd8 25. Qxh7+ Kf8 26. Bf5 Bc8 27. Bg6 Ke7 28. Nc6+ Rxc6 29. dxc6 Qa5 30. Qg8 Qd8 31. Qf7# 1-0

[Event "European-ch Seniors 2018"]
[Site "Drammen"]
[Date "2018.08.04"]
[Round "1"]
[White "Barle, Janez"]
[Black "Kuznetsova, Luba"]
[Result "1-0"]
[ECO "B40"]
[WhiteElo "2249"]
[BlackElo "1983"]
[Annotator "NA"]
[PlyCount "73"]
[EventDate "2018.08.04"]
[EventType "swiss"]
[EventCountry "NOR"]
[SourceTitle "playchess.com"]
[Source "ChessBase"]
[SourceQuality "1"]
[TimeControl "40/5400+30:1800+30"]

1. e4 c5 2. Nf3 e6 3. Nc3 Nc6 4. Bb5 Qc7 5. O-O Nge7 6. Re1 d6 7. d4 cxd4 8. Nxd4 Bd7 9. Be3 a6 10. Bf1 Nxd4 11. Qxd4 Nc6 12. Qb6 Qxb6 13. Bxb6 Be7 14. Rad1 Rc8 15. f4 O-O 16. a3 g6 17. g3 Rfe8 18. Bh3 Nb8 19. Rd2 Rc6 20. Ba7 Kf8 21. e5 d5 22. Bxb8 Rxb8 23. Nxd5 Bc5+ 24. Kh1 Rcc8 25. Nf6 Bc6+ 26. Bg2 Kg7 27. Bxc6 Rxc6 28. Ne4 b5 29. Rd7 a5 30. Ng5 Rf8 31. Red1 b4 32. axb4 axb4 33. Rb7 h6 34. Ne4 Bb6 35. Rdd7 Rxc2 36. Rxb6 Ra8 37. Rd2 1-0

[Event "European-ch Seniors 2018"]
[Site "Drammen"]
[Date "2018.08.04"]
[Round "1"]
[White "Lederman, Leon S"]
[Black "Khmiadashvili, Tamari"]
[Result "1-0"]
[ECO "B01"]
[WhiteElo "2245"]
[BlackElo "1969"]
[Annotator "NA"]
[PlyCount "123"]
[EventDate "2018.08.04"]
[EventType "swiss"]
[EventCountry "NOR"]
[SourceTitle "playchess.com"]
[Source "ChessBase"]
[SourceQuality "1"]
[TimeControl "40/5400+30:1800+30"]

1. e4 d5 2. exd5 Nf6 3. Bb5+ Bd7 4. Bc4 g6 5. Nc3 Bg7 6. d4 O-O 7. Nge2 a6 8. a4 a5 9. O-O Bc8 10. h3 Nbd7 11. Nf4 Nb6 12. Bb3 Ne8 13. Ne4 Nd6 14. Nxd6 exd6 15. c3 Nd7 16. Re1 Nf6 17. Qf3 Bf5 18. g4 Bd7 19. Bd2 Ne8 20. Qg3 Bf6 21. Ne6 Bxe6 22. dxe6 d5 23. Bh6 Ng7 24. e7 Bxe7 25. Qe5 Bf6 26. Qxd5 Qxd5 27. Bxd5 g5 28. f4 gxf4 29. Bxf4 c6 30. Bc4 Bh4 31. Re2 Rfe8 32. Kf1 h5 33. Rd1 hxg4 34. hxg4 Rxe2 35. Kxe2 Re8+ 36. Kf3 Bd8 37. d5 cxd5 38. Rxd5 Ne6 39. Rd7 b6 40. Bxe6 fxe6 41. Be5 Be7 42. Ke4 Kf8 43. Rb7 Rc8 44. b3 Rc6 45. c4 Bd8 46. Kf4 Be7 47. g5 Bd6 48. g6 Bxe5+ 49. Kxe5 Kg8 50. Rd7 Rc5+ 51. Kxe6 Rc8 52. Kd6 Rc5 53. Rb7 Rg5 54. Rxb6 Rxg6+ 55. Kc5 Rg5+ 56. Kc6 Kf7 57. Rb5 Rg6+ 58. Kc5 Rg3 59. Kb6 Ke7 60. Kxa5 Kd6 61. Kb6 Kd7 62. Kb7 1-0

[Event "European-ch Seniors 2018"]
[Site "Drammen"]
[Date "2018.08.04"]
[Round "1"]
[White "Strutinskaia, Galina"]
[Black "Fridthjofsdottir, Sigurl. Regina"]
[Result "1-0"]
[ECO "D70"]
[WhiteElo "2208"]
[BlackElo "1715"]
[Annotator "NA"]
[PlyCount "65"]
[EventDate "2018.08.04"]
[EventType "swiss"]
[EventCountry "NOR"]
[SourceTitle "playchess.com"]
[Source "ChessBase"]
[SourceQuality "1"]
[TimeControl "40/5400+30:1800+30"]

1. d4 d5 2. c4 c6 3. Nf3 Nf6 4. Nbd2 dxc4 5. Nxc4 Bf5 6. Qb3 b5 7. Nce5 e6 8. a4 b4 9. a5 Be7 10. Bd2 Nd5 11. Qa4 O-O 12. Rc1 Be4 13. e3 a6 14. Bd3 Bxd3 15. Nxd3 Ra7 16. Nxb4 Nxb4 17. Bxb4 Rb7 18. Bc3 Qd5 19. O-O Nd7 20. Rfd1 Rb5 21. Qc2 Rfb8 22. e4 Qh5 23. Qd3 c5 24. d5 exd5 25. exd5 Bd6 26. h3 h6 27. Re1 Rc8 28. Re4 Qg6 29. Rce1 f5 30. Re6 c4 31. Qe2 Qf7 32. Rxd6 Nc5 33. Qxc4 1-0

[Event "European-ch Seniors 2018"]
[Site "Drammen"]
[Date "2018.08.04"]
[Round "1"]
[White "Biro, Sandor"]
[Black "Gunnarsson, Lennart"]
[Result "1-0"]
[ECO "C11"]
[WhiteElo "2193"]
[BlackElo "1771"]
[Annotator "NA"]
[PlyCount "129"]
[EventDate "2018.08.04"]
[EventType "swiss"]
[EventCountry "NOR"]
[SourceTitle "playchess.com"]
[Source "ChessBase"]
[SourceQuality "1"]
[TimeControl "40/5400+30:1800+30"]

1. e4 e6 2. d4 d5 3. Nc3 Nf6 4. exd5 exd5 5. Nf3 c6 6. Bd3 Bd6 7. O-O O-O 8. h3 Re8 9. Bg5 Nbd7 10. Qd2 Nf8 11. Rae1 Rxe1 12. Rxe1 Ne6 13. Be3 Qc7 14. Qd1 Bd7 15. Ne2 Re8 16. c4 Nf4 17. c5 Nxe2+ 18. Rxe2 Bf4 19. Bxf4 Qxf4 20. Ne5 Be6 21. g3 Qh6 22. h4 Qh5 23. f3 Nd7 24. Ng4 f6 25. Qe1 Bf7 26. Rxe8+ Bxe8 27. Qe6+ Qf7 28. Qd6 Nf8 29. Kf2 Qd7 30. Qb8 a6 31. Ne3 Bg6 32. Be2 h5 33. Ng2 Bf7 34. Bd3 g6 35. Nf4 Kg7 36. Bf1 Qe7 37. Bh3 g5 38. hxg5 fxg5 39. Nd3 Be6 40. Qe5+ Qf6 41. Bf1 Qxe5 42. Nxe5 Kf6 43. Bd3 Bf5 44. Bxf5 Kxf5 45. Nf7 Ne6 46. Nd6+ Kf6 47. Nxb7 Nxd4 48. Na5 h4 49. gxh4 gxh4 50. Kg2 Ke6 51. Kh3 Kd7 52. Kg4 Kc7 53. f4 Kd7 54. Kxh4 Ne6 55. f5 Nxc5 56. Kg5 d4 57. Kf4 Nd3+ 58. Ke4 Nxb2 59. Kxd4 Na4 60. Nc4 Ke7 61. Ke5 Nc3 62. f6+ Kf7 63. Kf5 Nxa2 64. Ne5+ Kf8 65. Ke6 1-0

[Event "European-ch Seniors 2018"]
[Site "Drammen"]
[Date "2018.08.04"]
[Round "1"]
[White "Johnsen, Oystein"]
[Black "Bogdanov, Valentin"]
[Result "0-1"]
[ECO "A46"]
[WhiteElo "2009"]
[BlackElo "2356"]
[Annotator "NA"]
[PlyCount "50"]
[EventDate "2018.08.04"]
[EventType "swiss"]
[EventCountry "NOR"]
[SourceTitle "playchess.com"]
[Source "ChessBase"]
[SourceQuality "1"]
[TimeControl "40/5400+30:1800+30"]

1. d4 Nf6 2. Nf3 c5 3. c3 b6 4. Bf4 Bb7 5. e3 e6 6. Nbd2 Nc6 7. Bd3 Be7 8. O-O Nh5 9. Bg3 Nxg3 10. hxg3 O-O 11. Rc1 d6 12. Qe2 g6 13. g4 Bf6 14. Ne4 Bg7 15. Rfd1 Qe7 16. Bb1 d5 17. Ng3 e5 18. e4 dxe4 19. Bxe4 exd4 20. Bxc6 Qxe2 21. Nxe2 Bxc6 22. cxd4 Rfe8 23. Nc3 Bxf3 24. gxf3 Bxd4 25. Nb5 Bxb2 0-1

[Event "European-ch Seniors 2018"]
[Site "Drammen"]
[Date "2018.08.04"]
[Round "1"]
[White "Danielsson, Robert"]
[Black "Gaprindashvili, Nona"]
[Result "0-1"]
[ECO "A40"]
[WhiteElo "1993"]
[BlackElo "2305"]
[Annotator "NA"]
[PlyCount "76"]
[EventDate "2018.08.04"]
[EventType "swiss"]
[EventCountry "NOR"]
[SourceTitle "playchess.com"]
[Source "ChessBase"]
[SourceQuality "1"]
[TimeControl "40/5400+30:1800+30"]

1. d4 g6 2. c4 d6 3. Nc3 Nd7 4. e4 e5 5. Be3 Nh6 6. f3 f5 7. Qd2 f4 8. Bf2 Bg7 9. Nge2 Nf7 10. d5 c5 11. Nc1 O-O 12. Nd3 Nf6 13. Be2 Bd7 14. b4 cxb4 15. Nxb4 Qa5 16. Rb1 Rfc8 17. O-O g5 18. Qb2 g4 19. Rfd1 gxf3 20. gxf3 Ng5 21. Kh1 Nh3 22. Bg1 Bf8 23. Nc2 Be7 24. Qb4 Qxb4 25. Rxb4 b6 26. Rdb1 Kf7 27. a4 Rg8 28. Rf1 Rg6 29. Bf2 Rag8 30. Nd1 Bd8 31. Bd3 a5 32. Rb2 Bxa4 33. Ra2 Bb3 34. Rb2 a4 35. Na1 Bxd1 36. Rxd1 Rg2 37. Rf1 Nd7 38. Re2 Bh4 0-1

[Event "European-ch Seniors 2018"]
[Site "Drammen"]
[Date "2018.08.04"]
[Round "1"]
[White "Sand, Rolf"]
[Black "Werner, Clemens"]
[Result "0-1"]
[ECO "A20"]
[WhiteElo "1990"]
[BlackElo "2258"]
[Annotator "NA"]
[PlyCount "54"]
[EventDate "2018.08.04"]
[EventType "swiss"]
[EventCountry "NOR"]
[SourceTitle "playchess.com"]
[Source "ChessBase"]
[SourceQuality "1"]
[TimeControl "40/5400+30:1800+30"]

1. c4 e5 2. g3 Nf6 3. Bg2 c6 4. d4 Bb4+ 5. Bd2 Bxd2+ 6. Qxd2 d6 7. Nc3 Qe7 8. Nf3 O-O 9. O-O Re8 10. e4 Bg4 11. h3 Bxf3 12. Bxf3 Qe6 13. d5 Qxh3 14. dxc6 Nxc6 15. Qxd6 Nd4 16. Bg2 Qh6 17. Rfd1 Rad8 18. Qc7 Rc8 19. Qxb7 Ng4 20. Nd5 Nf3+ 21. Kf1 Qh2 22. Ne7+ Kh8 23. Nxc8 Qg1+ 24. Ke2 Qxf2+ 25. Kd3 Nd4 26. Kc3 Qc2+ 27. Kb4 Qxb2+ 0-1

[Event "European-ch Seniors 2018"]
[Site "Drammen"]
[Date "2018.08.04"]
[Round "1"]
[White "Smeby, Ole"]
[Black "Ackermann, Hans Werner"]
[Result "0-1"]
[ECO "A41"]
[WhiteElo "1980"]
[BlackElo "2246"]
[Annotator "NA"]
[PlyCount "116"]
[EventDate "2018.08.04"]
[EventType "swiss"]
[EventCountry "NOR"]
[SourceTitle "playchess.com"]
[Source "ChessBase"]
[SourceQuality "1"]
[TimeControl "40/5400+30:1800+30"]

1. d4 d6 2. c4 e5 3. dxe5 dxe5 4. Qxd8+ Kxd8 5. e4 Bc5 6. Nf3 f6 7. Be2 Be6 8. O-O Nd7 9. Nc3 a5 10. Na4 Ba7 11. Rd1 Kc8 12. b3 Nc5 13. Nxc5 Bxc5 14. Bb2 Nh6 15. h3 Nf7 16. a3 b6 17. Bc3 g5 18. b4 Be7 19. bxa5 bxa5 20. Rdb1 Bd7 21. Nd2 h5 22. a4 Nd8 23. Nb3 Nb7 24. Rd1 Be6 25. f3 h4 26. Be1 Rd8 27. Rxd8+ Kxd8 28. Rd1+ Kc8 29. Rc1 Nc5 30. Nxa5 Rxa5 31. Bxa5 Nb3 32. Rb1 Bc5+ 33. Kf1 Nxa5 34. Rb5 Nb7 35. a5 c6 36. Rb2 Nxa5 37. Ra2 Bb4 38. Rb2 c5 39. Rc2 Nc6 40. Bd3 Nd4 41. Ra2 Kb7 42. Kf2 Nb3 43. Rc2 Kb6 44. Bf1 Kc6 45. Ra2 Na5 46. Rc2 f5 47. Bd3 f4 48. Bf1 Kc7 49. Bd3 Bd7 50. Ra2 Bc3 51. Kf1 Kb6 52. Rc2 Bd4 53. Be2 Ba4 54. Rc1 Nb3 55. Rb1 Ka5 56. Ke1 Kb4 57. Bd3 Kc3 58. Ke2 Be3 0-1

[Event "European-ch Seniors 2018"]
[Site "Drammen"]
[Date "2018.08.04"]
[Round "1"]
[White "Baliuniene, Margarita"]
[Black "Johnsen, Sylvia"]
[Result "0-1"]
[ECO "D37"]
[WhiteElo "1937"]
[BlackElo "1977"]
[Annotator "NA"]
[PlyCount "94"]
[EventDate "2018.08.04"]
[EventType "swiss"]
[EventCountry "NOR"]
[SourceTitle "playchess.com"]
[Source "ChessBase"]
[SourceQuality "1"]
[TimeControl "40/5400+30:1800+30"]

1. d4 d5 2. Nf3 Nf6 3. c4 e6 4. Nc3 Nbd7 5. Bg5 Be7 6. e3 h6 7. Bh4 O-O 8. Bd3 dxc4 9. Bxc4 b6 10. O-O Bb7 11. Rc1 Ne4 12. Bxe7 Qxe7 13. Nxe4 Bxe4 14. Nd2 Bb7 15. Bb5 c5 16. Bxd7 Qxd7 17. dxc5 Rfd8 18. Nb3 Qa4 19. Qc2 Rac8 20. Rfd1 Qg4 21. Rxd8+ Rxd8 22. c6 Bxc6 23. f3 Bxf3 24. Nd4 Bd5 25. Rf1 e5 26. Nc6 Bxc6 27. Qxc6 Qe2 28. Qc7 Qxe3+ 29. Kh1 Rf8 30. h3 Qe2 31. Rc1 Qxb2 32. Rc2 Qd4 33. Kh2 Qf4+ 34. g3 Qa4 35. Rf2 e4 36. Qf4 Qc4 37. h4 Re8 38. g4 Qd5 39. Kg1 e3 40. Rf1 e2 41. Re1 Re4 42. Qf3 Qd4+ 43. Kh2 Re3 44. Qg2 Qf4+ 45. Kh1 Rf3 46. Qxe2 Rh3+ 47. Kg1 Qg3+ 0-1

[Event "European-ch Seniors 2018"]
[Site "Drammen"]
[Date "2018.08.04"]
[Round "1"]
[White "Syvertsen, Rolf Erik"]
[Black "Elseth, Roar"]
[Result "0-1"]
[ECO "D00"]
[WhiteElo "1884"]
[BlackElo "2311"]
[Annotator "NA"]
[PlyCount "158"]
[EventDate "2018.08.04"]
[EventType "swiss"]
[EventCountry "NOR"]
[SourceTitle "playchess.com"]
[Source "ChessBase"]
[SourceQuality "1"]
[TimeControl "40/5400+30:1800+30"]

1. d4 d5 2. Bf4 Nf6 3. e3 g6 4. h3 Bg7 5. Nf3 O-O 6. Bd3 c5 7. c3 b6 8. Nbd2 Bb7 9. O-O Nbd7 10. Qe2 a6 11. a4 Re8 12. Rfd1 Qc8 13. Bh2 Ne4 14. Bxe4 dxe4 15. Ne5 Nxe5 16. dxe5 Qe6 17. a5 b5 18. Qg4 Qxg4 19. hxg4 Bd5 20. b3 Red8 21. c4 bxc4 22. bxc4 Bc6 23. Kf1 Rab8 24. Ke1 Rb2 25. Bg3 Rd3 26. Nb1 Bd7 27. Rxd3 exd3 28. Nd2 Be6 29. Rc1 Rc2 30. Kd1 Bxg4+ 31. f3 Bd7 32. Rxc2 Ba4 33. Kc1 dxc2 34. Ne4 Bb3 35. Nxc5 Bxc4 36. Kxc2 Bf1 37. f4 e6 38. Nd7 h5 39. Bh4 Bxg2 40. Kd3 Bc6 41. Nc5 Bf8 42. Kd4 Bb5 43. Bd8 Kh7 44. Bg5 Bf1 45. Bd8 g5 46. Bxg5 Kg6 47. e4 Bb5 48. Bd8 Bh6 49. Ke3 h4 50. Bxh4 Kh5 51. Bg3 Kg4 52. Bh2 Kh3 53. Bg1 Kg3 54. Bf2+ Kg4 55. Kd4 Bxf4 56. Be3 Bg3 57. Bd2 Kf3 58. Be3 Be1 59. Nb7 Bf1 60. Nd6 Bxa5 61. Bc1 Bb6+ 62. Kc3 Be2 63. Nxf7 Kxe4 64. Kb4 Bh5 65. Nd6+ Kd5 66. Nc4 Bc7 67. Bb2 Be2 68. Ne3+ Ke4 69. Nc4 Bxc4 70. Kxc4 Bxe5 71. Bc1 Bd6 72. Bd2 Bf8 73. Bg5 Kf3 74. Bf6 Bd6 75. Bc3 Ke4 76. Bd2 Kf3 77. Bh6 a5 78. Kb5 Bb4 79. Kc4 e5 0-1

[Event "European-ch Seniors 2018"]
[Site "Drammen"]
[Date "2018.08.04"]
[Round "1"]
[White "Gonzalez Pabollet, Jesus Maria S"]
[Black "Blechzin, Igor"]
[Result "0-1"]
[ECO "B28"]
[WhiteElo "1818"]
[BlackElo "2250"]
[Annotator "NA"]
[PlyCount "54"]
[EventDate "2018.08.04"]
[EventType "swiss"]
[EventCountry "NOR"]
[SourceTitle "playchess.com"]
[Source "ChessBase"]
[SourceQuality "1"]
[TimeControl "40/5400+30:1800+30"]

1. e4 c5 2. Nf3 a6 3. d4 cxd4 4. Nxd4 Nf6 5. Nc3 e5 6. Nb3 Bb4 7. Be2 Nxe4 8. Bd2 Bxc3 9. bxc3 d5 10. O-O O-O 11. c4 d4 12. Bf3 Nxd2 13. Qxd2 Nc6 14. Rab1 Qe7 15. Rfe1 Rd8 16. Na5 Qc7 17. Nxc6 bxc6 18. Qb4 Bf5 19. Qc5 Bxc2 20. Rb6 Qd6 21. Rxc6 Qxc5 22. Rxc5 d3 23. Rd5 Rxd5 24. cxd5 d2 25. Ra1 Rc8 26. d6 Ba4 27. d7 Rc1+ 0-1

[Event "European-ch Seniors 2018"]
[Site "Drammen"]
[Date "2018.08.04"]
[Round "1"]
[White "Andersen, Guttorm"]
[Black "Zimmermann, Luc"]
[Result "1-0"]
[ECO "D97"]
[WhiteElo "1767"]
[BlackElo "2184"]
[Annotator "NA"]
[PlyCount "81"]
[EventDate "2018.08.04"]
[EventType "swiss"]
[EventCountry "NOR"]
[SourceTitle "playchess.com"]
[Source "ChessBase"]
[SourceQuality "1"]
[TimeControl "40/5400+30:1800+30"]

1. d4 Nf6 2. c4 g6 3. Nc3 d5 4. Nf3 Bg7 5. Qb3 dxc4 6. Qxc4 O-O 7. e4 Nc6 8. Be2 Bg4 9. Be3 Bxf3 10. Bxf3 e5 11. d5 Nd4 12. Bxd4 exd4 13. Ne2 Re8 14. O-O Nxe4 15. Qd3 Ng5 16. Rfd1 Nxf3+ 17. Qxf3 c5 18. dxc6 bxc6 19. Rac1 Rc8 20. Rc4 c5 21. g3 Qa5 22. Nc1 Bh6 23. Nd3 Qxa2 24. Rxc5 Rxc5 25. Nxc5 Qxb2 26. Ne4 Rd8 27. Qf6 Qb6 28. Qe7 Bg7 29. Rc1 a5 30. Rc7 Qb1+ 31. Kg2 Rf8 32. Nc5 Qf5 33. Nd7 Ra8 34. Nb6 Rb8 35. Nd7 Qd5+ 36. Kh3 Qf5+ 37. Kg2 Bf8 38. Nf6+ Kg7 39. Qxf7+ Kh6 40. Qxh7+ Kg5 41. Qh4# 1-0